cohdb
Replays
Latest Replays
All Replays
Popular Replays
Top Player Replays
Match Explorer
How It Works
Community
CoH3 Stats
Reddit
Sign in to upload your games and track your stats! →
Sign in with Steam
Match 41486051
Unlisted
Match 41486051
Overview
Messages
Build Orders
End
Kettenkrad Recon Vehicle
Construct Infanterie Kompanie
MG 42 Machine Gun Team
MG 42 Machine Gun Team
Grenadier Squad
Construct Luftwaffe Kompanie
Jäger Squad
Support Elements
Jäger Squad
Medical Bunker
Wirbelwind Flakpanzer
Wirbelwind Flakpanzer
Wirbelwind Flakpanzer
Forward Retreat Point
Side Skirts
Wirbelwind Flakpanzer
Pioneer Squad
Marder III M Tank Destroyer
Luftwaffe Officer Quarters
Selects Terror Battlegroup
Selects Contempt for the Weak
Selects Propaganda Leaflet Drop
Selects V1 Rocket Strike
Wirbelwind Flakpanzer
MG 42 Bunker
Marder III M Tank Destroyer
Selects Machine Gun Camouflage
Selects No Quarter
Marder III M Tank Destroyer
V1 Rocket Strike
Propaganda Leaflet Drop
COLYT
【嗜血狼族】灵狐魅儿
Pakkazull
海绵宝宝伯约
smug_master
Kylen
runningDuck
TEA OR STH STRONGER
0
0
Comments
sign in to comment!
No comments posted yet!